 Dungeon Crawl Stone Soup version 0.27.1-34-g3ba077fa99 (webtiles) character file.

Game seed: 5286733992085059141

451 ticklebelly the Chopper (level 6, -2/56 HPs)
             Began as a Minotaur Berserker on Jan 3, 2022.
             Was a Priest of Trog.
             Splashed by a jelly's acid (11 damage)
             ... on level 4 of the Dungeon.
             The game lasted 00:06:17 (2119 turns).

ticklebelly the Chopper (Minotaur Berserker)        Turns: 2119, Time: 00:06:18

Health: -2/56      AC: -1    Str: 24    XL:     6   Next: 75%
Magic:  5/5        EV:  9    Int:  4    God:    Trog [***...]
Gold:   93         SH:  0    Dex:  9    Spells: 5/5 levels left

rFire    . . .     SeeInvis .   a - +0 hand axe
rCold    . . .     Faith    .   (no shield)
rNeg     . . .     Spirit   .   k - +0 chain mail
rPois    .         Reflect  .   (helmet restricted)
rElec    .         Harm     .   (no cloak)
rCorr    .         Rampage  .   s - +0 pair of gloves
Will     +....                  (no boots)
Stlth    ..........             h - amulet of regeneration
HPRegen  1.18/turn              m - ring of willpower
MPRegen  0.09/turn              (no ring)

@: corroded
A: horns 2, retaliatory headbutt
a: Renounce Religion, Berserk, Trog's Hand


You were on level 4 of the Dungeon.
You worshipped Trog.
Trog was most pleased with you.
You visited 1 branch of the dungeon, and saw 4 of its levels.

You collected 93 gold pieces.

Inventory:

Hand Weapons
 a - a +0 hand axe (weapon)
Armour
 k - a +0 chain mail (worn)
 s - a +0 pair of gloves (worn)
Jewellery
 h - an amulet of regeneration (around neck)
 m - a ring of willpower (left hand)
Wands
 p - a wand of acid (8)
 q - a wand of digging (7)
Scrolls
 c - 3 scrolls of teleportation {unknown}
 d - 2 scrolls of noise {unknown}
 f - a scroll of magic mapping {unknown}
 g - a scroll of amnesia {unknown}
 j - a scroll of enchant armour {unknown}
 l - 3 scrolls of identify {unknown}
 r - a scroll of summoning {unknown}
Potions
 b - a potion of flight {unknown}
 e - 2 potions of curing {unknown}
 i - a potion of degeneration {unknown}
 n - 2 potions of resistance {unknown}
 o - a potion of lignification {unknown}


   Skills:
 + Level 5.5 Fighting
 + Level 5.5 Axes
 + Level 4.8 Armour
 + Level 4.3 Dodging


You had 5 spell levels left.
You didn't know any spells.
Your spell library was empty.

Dungeon Overview and Level Annotations

Branches:
Dungeon (4/15)             Temple (0/1) D:4

Altars:
Okawaru

Shops:
D:1 :


Innate Abilities, Weirdness & Mutations

You have a pair of horns on your head.
You reflexively headbutt those who attack you in melee.


Message History

Your headbutt misses the jelly.
The jelly is lightly wounded.
The jelly hits you but does no damage.
You hit the jelly but do no damage.
Your hands burn!
You headbutt the jelly, but do no damage.
The jelly is lightly wounded.
You barely miss the quokka. The quokka misses you. You furiously retaliate!
You headbutt the quokka. The jelly closely misses you. You furiously retaliate!
You headbutt the jelly!
There is an open door here.
You hit the quokka but do no damage.
The quokka is almost dead.
You hit the jelly. The acid corrodes you!
Your hands burn!
The quokka bites you but does no damage.
The jelly barely misses you. The quokka bites you.
You hit the quokka.
You kill the quokka!
Trog accepts your kill.
You hit the jelly. The acid corrodes you!
Your hands burn!
The jelly hits you.
You are splashed with acid.
You hit the jelly.
Your hands burn!
You headbutt the jelly, but do no damage.
The jelly is almost dead.
You hit the giant cockroach but do no damage.
The giant cockroach bites you. The jelly hits you.
You are splashed with acid!
You are too injured to fight recklessly!
You are too injured to fight recklessly!
You hit the giant cockroach but do no damage.
You hit the jelly but do no damage.
Your hands burn!
The giant cockroach bites you. The jelly hits you.
You are splashed with acid.
* * * LOW HITPOINT WARNING * * *
The giant cockroach bites you.
* * * LOW HITPOINT WARNING * * *
You hit the jelly but do no damage.
Your hands burn!
* * * LOW HITPOINT WARNING * * *
The jelly is almost dead.
You closely miss the giant cockroach. The jelly hits you.
* * * LOW HITPOINT WARNING * * *
You are splashed with acid!
You die...

##.# #.# #.# ##.# #.#
#.#
...###.######.########
.....................# .
..............########
.. .##############
######.# ...# #......#
##.####### ###J...##⌠.
#.......######.@B)......
#######........#....##⌠.
########.#...?..#
########.# .. .


You could see a jelly and a giant cockroach.

Vanquished Creatures
  A black bear (D:4)
  An ogre (D:4)
  A hound (D:4)
  Natasha (thrice) (D:3)
  2 iguanas
  3 gnolls (D:3)
  An adder (D:2)
  3 worms (D:2)
  5 dart slugs
  5 orcs
  3 bats (D:3)
  5 endoplasms
  A giant cockroach (D:1)
  5 goblins
  5 hobgoblins
  3 jackals (D:1)
  6 kobolds
  3 quokkas
  7 ball pythons
  A frilled lizard (D:1)
  3 rats (D:1)
67 creatures vanquished.

Notes
Turn   | Place    | Note
-------+----------+-------------------------------------------
     0 | D:1      | ticklebelly the Minotaur Berserker began the quest for the
                  | Orb.
     0 | D:1      | Reached XP level 1. HP: 19/19 MP: 0/0
   112 | D:1      | Found Qelyase's Book Shop.
   194 | D:1      | Reached XP level 2. HP: 20/27 MP: 1/1
   549 | D:1      | Reached ** piety under Trog
   562 | D:1      | Reached XP level 3. HP: 33/33 MP: 2/2
  1161 | D:2      | Found a faded altar of an unknown god.
  1431 | D:3      | Reached XP level 4. HP: 40/40 MP: 3/3
  1548 | D:3      | Noticed Natasha
  1556 | D:3      | Killed Natasha
  1557 | D:3      | Reached XP level 5. HP: 47/47 MP: 4/4
  1700 | D:3      | Noticed Natasha
  1710 | D:3      | Killed Natasha
  1726 | D:3      | Noticed Natasha
  1733 | D:3      | Killed Natasha
  1867 | D:4      | Reached skill level 5 in Fighting
  1867 | D:4      | Reached skill level 5 in Axes
  1894 | D:4      | Found an iron altar of Okawaru.
  1895 | D:4      | Noticed a black bear
  1917 | D:4      | Noticed an ogre
  1917 | D:4      | Killed a black bear
  1918 | D:4      | Reached XP level 6. HP: 54/56 MP: 5/5
  2012 | D:4      | Reached *** piety under Trog
  2034 | D:4      | Found a staircase to the Ecumenical Temple.
  2119 | D:4      | Splashed by a jelly's acid

Illustrated notes

Levels and vault maps discovered:
D:1:      saegor_arrival_miasma, layout_basic, serial_shops, shop
D:2:      layout_loops_cross, hellmonk_ecumenical_altar_arch_garden
D:3:      layout_rooms, palyth_stone_intersect, uniq_natasha
D:4:      layout_loops_ring, okawaru_ov_weapons_minmay,
          minmay_temple_entry_hall, serial_shops, nicolae_square_shop,
          kennysheep_minor_cross

Skill      XL: |  1  2  3  4  5 |
---------------+----------------+-----
Fighting       | 4 5 |  5.5
Axes           | 4 5 |  5.5
Armour         | 3 4 |  4.8
Dodging        | 3 4 |  4.3

Action                   |  1- 3 |  4- 6 || total
-------------------------+-------+-------++-------
Melee: Hand axe          |    89 |    89 ||   178
       Headbutt          |    16 |    16 ||    32
 Stab: Sleeping          |     1 |       ||     1
Armor: Leather armour    |     8 |       ||     8
       Chain mail        |     5 |    37 ||    42
Dodge: Dodged            |    43 |    41 ||    84
